 Dungeon Crawl Stone Soup version 0.30.1-9-gdf580d7c3d (webtiles) character file.

Game seed: 14492222681392664969

52 ChiefBigBeans the Chiller (level 3, 0/26 HPs)
             Began as a Draconian Ice Elementalist on Sept 26, 2023.
             Killed from afar by Natasha (5 damage)
             ... with a puff of flame
             ... on level 2 of the Dungeon.
             The game lasted 00:03:44 (1567 turns).

ChiefBigBeans the Chiller (DrIE)                    Turns: 1567, Time: 00:03:44

Health: 0/26       AC:  5    Str: 10    XL:     3   Next: 60%
Magic:  7/7        EV: 12    Int: 17    God:
Gold:   1182       SH:  0    Dex: 11    Spells: 7/8 levels left

rFire   . . .        e - +1 short sword
rCold   . . .        (no shield)
rNeg    . . .        (body armour unavailable)
rPois   .            (helmet restricted)
rElec   .            (no cloak)
rCorr   .            (no gloves)
SInv    .            (no boots)
Will    .....        (no amulet)
Stlth   ++           (no ring)
HPRegen 0.24/turn    (no ring)
MPRegen 0.10/turn

%: no passive effects
@: slowed, very slow
A: AC +5, unfitting armour, cold-blooded
a: no special abilities


You were on level 2 of the Dungeon.
You visited 1 branch of the dungeon, and saw 2 of its levels.

You collected 1182 gold pieces.

Inventory:

Hand Weapons
 e - a +1 short sword (weapon)
Jewellery
 d - a ring of flight
 i - a ring of fire
Potions
 a - a potion of magic
 b - 3 potions of degeneration
 f - a potion of might {unknown}
 g - a potion of cancellation
 h - a potion of attraction {unknown}


   Skills:
 - Level 1.7 Dodging
 - Level 1.7 Stealth
 + Level 3.0 Spellcasting
 + Level 4.7 Ice Magic


You had 7 spell levels left.
You knew the following spells:

 Your Spells              Type           Power      Damage    Failure   Level
a - Freeze                Ice            72%        1d8       2%          1

Your spell library contained the following spells:

 Spells                   Type           Power      Damage    Failure   Level
 Frozen Ramparts          Ice            36%        1d6       8%          3
 Ozocubu's Armour         Ice            18%        N/A       8%          3
 Static Discharge         Conj/Air       4%         2-3/arc   26%         2
 Summon Ice Beast         Ice/Summ       10%        N/A       54%         4
 Airstrike                Air            1%         2d(1-17)  86%         4
 Summon Lightning Spire   Summ/Air       2%         N/A       86%         4
 Simulacrum               Ice/Necr       5%         N/A       100%        6
 Ozocubu's Refrigeration  Ice            9%         4d9       100%        7
 Polar Vortex             Ice            9%         N/A       100%        9


Dungeon Overview and Level Annotations

Branches:
Dungeon (2/15)

Altars:

Annotations:
D:2 Natasha


Innate Abilities, Weirdness & Mutations

Your plain brown scales are hard. (AC +5)
You cannot fit into any form of body armour.
You are cold-blooded and may be slowed by cold attacks.


Message History

You kill the hobgoblin!
Natasha, Servant of Life and Death comes into view.
She is carrying a wand of flame (13).
Natasha hisses angrily.
Natasha zaps a wand.
The puff of flame hits you!
Found a garnet ring.
Natasha howls an incantation.
Natasha glows brightly for a moment.
A kobold comes into view. It is wielding a +0 short sword.
Natasha zaps a wand.
The puff of flame hits you!
You are too injured to fight recklessly!
Sorry, you're not good enough to have a special ability.
You aren't carrying any items that you can evoke.
Okay, then.
The air fills with toxic fumes!
As you read the scroll labelled WUDWIE ISUTTAH, it crumbles to dust.
It was a scroll of poison.
Natasha zaps a wand.
The puff of flame misses you.
Natasha stares at you and mumbles some strange words.
The magic dart hits you.
* * * LOW HITPOINT WARNING * * *
Natasha mumbles some strange words.
You feel disoriented.
Natasha zaps a wand.
The puff of flame misses you.
Natasha zaps a wand.
The puff of flame misses you. Natasha casts a spell at you.
You resist with significant effort.
Natasha mumbles some strange words.
Natasha's front paws start to glow.
Natasha zaps a wand.
The puff of flame misses you.
Natasha zaps a wand.
The puff of flame hits you!
* * * LOW HITPOINT WARNING * * *
You see here a +0 dagger.
Natasha stares at you and mumbles some strange words.
You feel yourself slow down.
Natasha mewls in sadness.
Natasha casts a spell at you. You resist with significant effort.
There is a stone staircase leading up here.
Natasha zaps a wand.
The puff of flame hits you.
You die...

..###...###.##.............#...
...............................
..###.......##...........#.#...
#....#.#######...#####.##..
#.####.# #.........#... #. #.#
#...#######.#. #. ..# #...#
#.#. #. ##########.### #.#.
#...@.......# #.##
#.####..#.#.# #.## ####..)†..##
#... .#.....h....########
........#......#
.........#...##.#
.............# # ..#.......##.#
..##.#.#..##.#


You could see Natasha.

Vanquished Creatures
  2 adders (D:2)
  A dart slug (D:1)
  7 bats
  3 endoplasms
  A giant cockroach (D:1)
  A goblin (D:2)
  3 hobgoblins
  2 kobolds (D:1)
  2 quokkas (D:1)
  3 ball pythons (D:1)
  5 frilled lizards (D:1)
  A rat (D:1)
31 creatures vanquished.

Notes
Turn   | Place    | Note
-------+----------+-------------------------------------------
     0 | D:1      | ChiefBigBeans the Draconian Ice Elementalist began the
                  | quest for the Orb.
     0 | D:1      | Reached XP level 1. HP: 14/14 MP: 3/3
   211 | D:1      | Reached XP level 2. HP: 10/20 MP: 3/5
   581 | D:1      | Found a faded altar of an unknown god.
  1007 | D:1      | Identified a scroll of acquirement
  1007 | D:1      | Acquired 1031 gold pieces
  1150 | D:2      | Reached XP level 3. HP: 26/26 MP: 4/7
  1541 | D:2      | Noticed Natasha
  1567 | D:2      | Killed from afar by Natasha

Illustrated notes

Levels and vault maps discovered:
D:1:      scummos_arrival_gate, layout_loops_ring,
          shapermc_ecumenical_altar_mp_highgroup, fountainhead
D:2:      layout_loops_cross, uniq_natasha

Skill      XL: |  1  2  3 |
---------------+----------+-----
Spellcasting   | 3 |  3.0
Dodging        | |  1.7
Stealth        | |  1.7
Ice Magic      | |  4.7

Action                     || total
---------------------------++-------
  Melee: Whip              ||     7
         Short sword       ||     5
         Tailslap          ||     1
   Cast: Freeze            ||    47
    Use: Scroll            ||     6
 Armour: Skin              ||    21
  Dodge: Dodged            ||    41
